 Dungeon Crawl Stone Soup version 0.31-a0-1616-gbeaec30b81 (webtiles) character file.

Game seed: 13835784032602772979

844 TheScarfBastard the Cudgeller (level 7, -4/63 HPs)
             Began as a Minotaur Berserker on Jan 10, 2024.
             Was a Priest of Trog.
             Slain by an orc priest
             ... wielding a +0 flail
              (8 damage)
             ... on level 5 of the Dungeon.
             The game lasted 00:09:50 (3162 turns).

TheScarfBastard the Cudgeller (Minotaur Berserker)  Turns: 3162, Time: 00:09:51

Health: -4/63      AC:  7    Str: 23    XL:     7   Next: 68%
Magic:  6/6        EV: 11    Int:  4    God:    Trog [***...]
Gold:   250        SH:  0    Dex: 10    Spells: 6/6 levels left

rFire   . . .        k - +0 morningstar
rCold   . . .        (no shield)
rNeg    + . .        o - +0 scale mail
rPois   .            (helmet restricted)
rElec   .            (no cloak)
rCorr   .            (no gloves)
SInv    .            (no boots)
Will    .....        (no amulet) Stlth
                     m - ring of positive energy
HPRegen 0.30/turn    (no ring)
MPRegen 0.10/turn

%: no passive effects
@: about to teleport, on berserk cooldown, slowed, very slow
A: horns 2, retaliatory headbutt
a: Renounce Religion, Berserk, Trog's Hand


You were on level 5 of the Dungeon.
You worshipped Trog.
Trog was most pleased with you.
You visited 1 branch of the dungeon, and saw 5 of its levels.
You also visited: Sewer.

You collected 250 gold pieces.

Inventory:

Hand Weapons
 a - a +0 mace
 i - a +1 great sword
 k - a +0 morningstar (weapon)
 v - a +0 hammer
Armour
 b - a +0 animal skin
 e - a +0 leather armour
 h - a +1 ring mail
 o - a +0 scale mail (worn)
 u - a +1 cloak
Jewellery
 m - a ring of positive energy (left hand)
Wands
 p - a wand of digging (3)
 r - a wand of mindburst (8)
 t - a wand of polymorph (2)
Potions
 c - 2 potions of magic
 d - a potion of haste {unknown}
 f - a potion of ambrosia {unknown}
 j - a potion of brilliance {unknown}
 l - 2 potions of enlightenment {unknown}
 n - a potion of curing {unknown}
 q - a potion of berserk rage


   Skills:
 + Level 6.1 Fighting
 + Level 0.4 Long Blades
 + Level 7.3 Maces & Flails
 + Level 4.9 Armour
 + Level 4.5 Dodging
 + Level 1.3 Stealth


You had 6 spell levels left.
You didn't know any spells.
Your spell library was empty.

Dungeon Overview and Level Annotations

Branches:
Dungeon (5/15)             Temple (0/1) D:4           Sewer (visited)

Altars:
Elyvilon
Xom
Zin

Shops:
D:4 =


Innate Abilities, Weirdness & Mutations

You have a pair of horns on your head.
You reflexively headbutt those who attack you in melee.


Message History

The orc priest hits you with a +0 flail.
* * * LOW HITPOINT WARNING * * *
You hit the orc priest.
The orc priest is heavily wounded.
You are no longer berserk.
You are exhausted.
You feel yourself slow down.
You feel sick.
The orc priest hits you with a +0 flail.
* * * LOW HITPOINT WARNING * * *
You barely miss the orc priest.
The orc priest is heavily wounded.
You feel very sick. The orc priest barely misses you. You furiously retaliate!
You headbutt the orc priest.
You feel much better.
Your skin stops crawling.
You feel less strong-willed.
You feel sick. The orc priest barely misses you.
The orc priest closely misses you.
You closely miss the orc priest. You headbutt the orc priest.
The orc priest is severely wounded.
You feel sick.
The orc priest hits you with a +0 flail.
The orc priest calls down the wrath of Beogh upon you.
Pain shoots through your body!
* * * LOW HITPOINT WARNING * * *
You barely miss the orc priest.
The orc priest is severely wounded.
You feel sick. The orc priest barely misses you.
You closely miss the orc priest.
The orc priest is severely wounded.
You feel sick.
You are no longer poisoned.
The orc priest hits you with a +0 flail!
* * * LOW HITPOINT WARNING * * *
The orc priest closely misses you.
Okay, then.
As you read the scroll labelled DEKUKK TONOEKE, it crumbles to dust.
You feel strangely unstable.
It was a scroll of teleportation.
The orc priest hits you with a +0 flail!
You die...

#..........#
#..........#
#..........###
##.........>.
#..........#
#..........#
#......)o).#
#.....!@†..###
#...<..)<)..(#
...........#.#
.........#.#
..
...#####...# #
.. #.... .
#...## ..###
..#


You could see an orc priest.

Vanquished Creatures
  A black bear (D:4)
  A crocodile (Sewer)
  A brain worm (Sewer)
  A scorpion (D:5)
  A howler monkey (D:3)
  4 orc priests
  A jelly (D:4)
  Crazy Yiuf (D:4)
  A gnoll bouda (D:5)
  A hound (D:4)
  2 orc wizards (D:4)
  Ijyb (D:4)
  4 adders
  4 gnolls (D:5)
  A river rat (D:4)
  2 dart slugs
  A ribbon worm (D:2)
  11 orcs
  13 endoplasms
  3 giant cockroaches
  8 goblins
  9 hobgoblins
  3 jackals (D:1)
  7 kobolds
  5 quokkas
  7 ball pythons
  14 bats
  3 frilled lizards
  4 rats
115 creatures vanquished.

Notes
Turn   | Place    | Note
-------+----------+-------------------------------------------
     0 | D:1      | TheScarfBastard the Minotaur Berserker began the quest for
                  | the Orb.
     0 | D:1      | Reached XP level 1. HP: 19/19 MP: 0/0
   120 | D:1      | Reached XP level 2. HP: 27/27 MP: 1/1
   145 | D:1      | Reached skill level 4 in Maces & Flails
   297 | D:1      | Found a faded altar of an unknown god.
   322 | D:1      | Reached XP level 3. HP: 27/33 MP: 2/2
   357 | D:1      | Reached ** piety under Trog
  1130 | D:2      | Reached XP level 4. HP: 38/41 MP: 3/3
  1510 | D:3      | Found a shimmering altar of Xom.
  1649 | D:3      | Found a glowing silver altar of Zin.
  1755 | D:3      | Found a white marble altar of Elyvilon.
  1784 | D:3      | Reached skill level 5 in Maces & Flails
  1897 | D:3      | Reached XP level 5. HP: 47/47 MP: 4/4
  2091 | D:4      | Reached skill level 5 in Fighting
  2334 | D:4      | Found a staircase to the Ecumenical Temple.
  2344 | D:4      | Reached XP level 6. HP: 50/56 MP: 5/5
  2463 | D:4      | Reached skill level 6 in Maces & Flails
  2637 | D:4      | Noticed Ijyb
  2638 | D:4      | Found a glowing drain.
  2650 | D:4      | Killed Ijyb
  2651 | D:4      | Reached skill level 1 in Stealth
  2665 | Sewer    | Entered a sewer
  2670 | Sewer    | Reached *** piety under Trog
  2728 | Sewer    | Reached XP level 7. HP: 15/61 MP: 6/6
  2931 | D:4      | Found Fygywk's Jewellery Boutique.
  3041 | D:4      | Found a runed translucent door.
  3042 | D:4      | Noticed Crazy Yiuf
  3047 | D:4      | Killed Crazy Yiuf
  3135 | D:5      | Entered Level 5 of the Dungeon
  3143 | D:5      | Reached skill level 7 in Maces & Flails
  3162 | D:5      | Slain by an orc priest

Illustrated notes

Levels and vault maps discovered:
D:1:      spicycebolla_arrival_transporter_tutorial, layout_basic,
          shapermc_ecumenical_altar_notcrosses
D:2:      layout_rooms, serial_bayou, serial_bayou_shore_a, serial_bayou_pond_e,
          serial_bayou_pond_b, serial_bayou_lagoon_a
D:3:      layout_loops_cross, xom_butterflies, elyvilon_altar_3,
          old_standard_altar
D:4:      layout_basic, minmay_temple_entry_stoned_glass, portal_sewer_entry_a,
          serial_shops, shop, minmay_liquid_box, uniq_ijyb,
          uniq_crazy_yiuf_cottage
D:5:      layout_rooms, overflow_temple_1_default

Skill      XL: |  1  2  3  4  5  6  7 |
---------------+----------------------+-----
Fighting       | 4 5 6 |  6.1
Maces & Flails | 4 5 6 7 |  7.3
Dodging        | 3 4 |  4.5
Armour         | 3 4 |  4.9
Stealth        | 1 |  1.3
Long Blades    | |  0.4

Action                     |  1- 3 |  4- 6 |  7- 9 || total
---------------------------+-------+-------+-------++-------
  Melee: Mace              |    80 |     2 |       ||    82
         Headbutt          |    13 |    10 |     8 ||    31
         Morningstar       |       |    96 |    34 ||   130
         Great sword       |       |     2 |       ||     2
         Punch             |       |     2 |     1 ||     3
 Invoke: Berserk           |       |     2 |     1 ||     3
         Trog's Hand       |       |     1 |     1 ||     2
    Use: Scroll            |     3 |     5 |     1 ||     9
         Potion            |       |     1 |     1 ||     2
 Armour: Animal skin       |    36 |       |       ||    36
         Leather armour    |    17 |     4 |       ||    21
         Ring mail         |       |    90 |       ||    90
         Scale mail        |       |    17 |    45 ||    62
  Dodge: Dodged            |    70 |   105 |    42 ||   217

Table legend: (Time is in decaauts)
 A = Elapsed time spent in this place.
 B = Non-inter-level travel time spent in this place.
 C = Inter-level travel time spent in this place.
 D = Time resting spent in this place.
 E = Time spent auto-exploring this place.
 F = Levels seen in this place.
 G = Mean time per level.
                   A        B        C        D        E       F      G
               +--------+--------+--------+--------+--------+-----+--------+
         Total |   3234 |   3064 |    170 |      0 |   1819 |   6 |  539.0 |
       Dungeon |   3124 |   2954 |    170 |      0 |   1811 |   5 |  624.8 |
         Sewer |    110 |    110 |      0 |      0 |      8 |   1 |  110.0 |
               +--------+--------+--------+--------+--------+-----+--------+

Top non-repeatable levels by time:
     D:4: 1026 daAuts
     D:2: 733 daAuts
     D:1: 677 daAuts
     D:3: 661 daAuts
   Sewer: 110 daAuts
     D:5: 26 daAuts
